 Dungeon Crawl Stone Soup version 0.30-a0-782-ge64f9170bb (webtiles) character file.

Game seed: 1667146027320045755

8180 112233 the Thaumaturge (level 11, -1/62 HPs)
             Began as a Deep Elf Venom Mage on Feb 27, 2023.
             Was a Priest of Vehumet.
             Slain by a cane toad (20 damage)
             ... on level 1 of the Lair of Beasts.
             The game lasted 00:12:56 (12964 turns).

112233 the Thaumaturge (Deep Elf Venom Mage)       Turns: 12964, Time: 00:12:56

Health: -1/62      AC:  7    Str:  5    XL:     11   Next: 6%
Magic:  25/29      EV: 17    Int: 25    God:    Vehumet [***...]
Gold:   420        SH:  0    Dex: 15    Spells: 17/34 levels left

rFire   + . .      SeeInvis .    e - +0 mace
rCold   . . .      Faith    .    (no shield)
rNeg    + . .      Spirit   .    a - +0 robe
rPois   .          Reflect  .    d - +2 helmet
rElec   .          Harm     .    A - +0 cloak
rCorr   .          Rampage  .    t - +0 pair of gloves
Will    +....                    (no boots)
Stlth   ++                       (no amulet)
HPRegen 0.30/turn                l - ring of protection from fire
MPRegen 0.21/turn                D - ring of positive energy

@: no status effects
A: no striking features
a: Renounce Religion


You were on level 1 of the Lair of Beasts.
You worshipped Vehumet.
Vehumet was most pleased with you.
You visited 2 branches of the dungeon, and saw 10 of its levels.

You collected 564 gold pieces.
You spent 144 gold pieces at shops.

Inventory:

Hand Weapons
 e - a +0 mace (weapon)
 o - a +1 short sword of speed
 r - the +4 mace of Calamity {pain, *Noise Fly Str+3}
   (You found it on level 3 of the Dungeon)

   Str:       It affects your strength (+3).
   Fly:       It grants you flight.
   *Noise:    It may make noises in combat.
 G - the +0 short sword "Faulaaw" {elec, Will- Dex+3 SInv}
   (You took it off a gnoll bouda on level 9 of the Dungeon)

   Dex:       It affects your dexterity (+3).
   SInv:      It lets you see invisible.
   Will:      It decreases your willpower.
Armour
 a - a +0 robe (worn)
 d - a +2 helmet (worn)
 t - a +0 pair of gloves (worn)
 A - a +0 cloak (worn)
Jewellery
 l - a ring of protection from fire (left hand)
 m - an amulet of magic regeneration
 D - a ring of positive energy (right hand)
Wands
 y - a wand of mindburst (27)
Scrolls
 b - 2 scrolls of poison
 f - 2 scrolls of torment
 g - a scroll of enchant armour
 j - a scroll of silence
 k - a scroll of magic mapping {unknown}
 n - a scroll of fear
 s - a scroll of amnesia {unknown}
 w - a scroll of blinking {unknown}
 B - a scroll of noise {unknown}
 C - a scroll of butterflies {unknown}
 J - a scroll of immolation {unknown}
Potions
 c - 3 potions of heal wounds
 h - 2 potions of flight {unknown}
 i - 2 potions of degeneration {unknown}
 p - 7 potions of curing
 q - 2 potions of mutation {unknown}
 u - a potion of attraction {unknown}
 v - a potion of haste
 x - 2 potions of berserk rage
 z - a potion of brilliance
 E - a potion of cancellation {unknown}
 F - a potion of resistance {unknown}
 H - a potion of ambrosia {unknown}
 I - a potion of might {unknown}


   Skills:
 + Level 4.6 Fighting
 + Level 9.8 Dodging
 - Level 2.4 Stealth
 + Level 12.4 Spellcasting
 + Level 8.6 Conjurations
 + Level 6.7 Necromancy
 - Level 1.3 Transmutations
 - Level 5.5 Poison Magic


You had 17 spell levels left.
You knew the following spells:

 Your Spells              Type           Power      Damage    Failure   Level
a - Sting                 Tmut/Pois      100%       1d8       1%          1
b - Poisonous Vapours     Pois/Air       58%        N/A       1%          2
c - Searing Ray           Conj           100%       2d8       1%          2
d - Apportation           Tloc           30%        N/A       3%          1
e - Olgreb's Toxic Radia  Pois           43%        N/A       1%          4
f - Mephitic Cloud        Conj/Pois/Air  39%        N/A       1%          3
g - Dispel Undead         Necr           49%        3d18      2%          4

Your spell library contained the following spells:

 Spells                   Type           Power      Damage    Failure   Level
 Scorch                   Fire           30%        2d6       1%          2
 Magic Dart               Conj           100%       1d8       1%          1
 Necrotise                Necr           100%       1d9       1%          1
 Cigotuvi's Dreadful Rot  Necr/Pois/Air  70%        N/A       1%          2
 Vampiric Draining        Necr           49%        2d9       1%          3
 Fulminant Prism          Conj/Hex       18%        3d10      1%          4
 Beastly Appendage        Tmut           44%        N/A       2%          1
 Spider Form              Tmut/Pois      32%        N/A       2%          3
 Slow                     Hex            60%        N/A       3%          1
 Summon Small Mammal      Summ           60%        N/A       3%          1
 Wereblood                Tmut           22%        N/A       3%          2
 Call Imp                 Summ           15%        N/A       6%          2
 Confusing Touch          Hex            15%        N/A       12%         3
 Alistair's Intoxication  Tmut/Pois      21%        N/A       26%         5
 Death Channel            Necr           24%        N/A       36%         6


Dungeon Overview and Level Annotations

Branches:
Dungeon (9/15)             Temple (0/1) D:7            Lair (1/5) D:8
    Orc: D:9-12

Altars:
Gozag
Makhleb
Trog
Vehumet
Zin
The Shining One

Shops:
D:6 !

Annotations:
D:3 exclusion: statue
D:8 exclusion: downstairs


Message History

You assume a fearsome visage.
The black mamba looks frightened!
You feel very sick.
Unknown command.
You feel very sick.
Cornered, the cane toad turns to fight!
There is an open door, spattered with blood here.
You feel very sick. The cane toad stings you.
You feel sick.
Casting: Searing Ray (safe; 1% risk of failure)
Confirm with . or Enter, or press ? or * to list all spells.
Okay, then.
Casting: Searing Ray (safe; 1% risk of failure)
Confirm with . or Enter, or press ? or * to list all spells.
Aiming: Sting (safe; 1% risk of failure)
Press: ? - help, Shift-Dir - straight line, f/p - cane toad
Aim: a cane toad (heavily wounded, 81% to hit)
The sting hits the cane toad but does no damage.
The cane toad is poisoned.
The cane toad is heavily wounded.
You feel sick. The cane toad misses you.
Unknown command.
Casting: Sting (safe; 1% risk of failure)
Confirm with . or Enter, or press ? or * to list all spells.
Aiming: Sting (safe; 1% risk of failure)
Press: ? - help, Shift-Dir - straight line, f/p - cane toad
Aim: a cane toad (heavily wounded, poisoned, 81% to hit)
The sting hits the cane toad but does no damage.
The cane toad looks even sicker.
The cane toad is heavily wounded.
You feel sick. The cane toad stings you!
* * * LOW HITPOINT WARNING * * *
Unknown command.
You feel better. The cane toad stings you.
* * * LOW HITPOINT WARNING * * *
The cane toad stings you.
* * * LOW HITPOINT WARNING * * *
Unknown command.
You feel better. The cane toad stings you!!
You die...

#.##### ......
...##..#P## .# ..... #..#
#.....## ..###.8.# ....#
####.... ?...#...##....
##... #...........# #..#.
. #.........## ##### ..
#.........# # ...#....@#
# .....#.8F### ###
.......#'..# ########.###
.........†###...........#
........#..#.............
........##..............#
........###.............#
........# ##............#
.......####.............#


You could see a cane toad (very poisoned).

Vanquished Creatures
  A centaur warrior (D:9)
  A death knight (D:9)
  A deep elf pyromancer (D:9)
  Pikel (D:7)
  A black mamba (Lair:1)
  Maggie (D:6)
  A kobold demonologist (D:9)
  A troll (D:9)
  A wyvern (D:9)
  5 yaks (D:9)
  2 water moccasins
  3 orc warriors
  A sky beast (D:8)
  2 ice beasts (D:6)
  4 black bears
  2 centaurs
  Blork the orc (D:6)
  A phantom (D:7)
  3 kobold brigands
  5 bullfrogs
  3 scorpions (D:6)
  5 wights (D:8)
  21 killer bees
  3 howler monkeys (D:9)
  4 hounds (D:6)
  A jelly (D:6)
  3 orc priests
  A gnoll bouda (D:9)
  4 iguanas
  Terence (D:2)
  6 orc wizards
  8 adders
  A white imp (D:6)
  3 worms
  2 dart slugs (D:3)
  24 orcs
  2 ball pythons
  6 endoplasms
  4 giant cockroaches
  4 goblins
  2 hobgoblins
  2 jackals (D:2)
  15 kobolds
  2 quokkas
  4 bats
  2 rats (D:2)
171 creatures vanquished.

Vanquished Creatures (others)
  Eustachio (D:6)
  2 fungi
  3 plants
6 creatures vanquished.

Grand Total: 177 creatures vanquished

Notes
Turn   | Place    | Note
-------+----------+-------------------------------------------
     0 | D:1      | 112233 the Deep Elf Venom Mage began the quest for the Orb.
     0 | D:1      | Reached XP level 1. HP: 10/10 MP: 6/6
   562 | D:1      | Reached XP level 2. HP: 15/15 MP: 5/8
   610 | D:1      | Learned a level 2 spell: Poisonous Vapours
  1317 | D:1      | Learned a level 1 spell: Apportation
  1420 | D:2      | Reached skill level 4 in Spellcasting
  1822 | D:2      | Reached XP level 3. HP: 19/19 MP: 7/11
  2112 | D:2      | Noticed Terence
  2124 | D:2      | Killed Terence
  2125 | D:2      | Reached skill level 5 in Spellcasting
  2261 | D:2      | Found a faded altar of an unknown god.
  3050 | D:3      | Reached XP level 4. HP: 24/24 MP: 6/13
  3053 | D:3      | Learned a level 2 spell: Searing Ray
  3157 | D:3      | Learned a level 4 spell: Olgreb's Toxic Radiance
  3167 | D:3      | Reached skill level 6 in Spellcasting
  3436 | D:3      | Reached XP level 5. HP: 28/28 MP: 4/16
  3768 | D:3      | Reached skill level 7 in Spellcasting
  4420 | D:3      | Found a radiant altar of Vehumet.
  4420 | D:3      | Noticed a charred statue
  4426 | D:3      | Became a worshipper of Vehumet
  5008 | D:3      | Identified the +4 mace of Calamity {pain, *Noise Fly Str+3}
  5172 | D:4      | Found a bloodstained altar of Trog.
  5172 | D:4      | Noticed a black bear
  5172 | D:4      | Noticed a black bear
  5189 | D:4      | Killed a black bear
  5190 | D:4      | Reached skill level 1 in Conjurations
  5497 | D:4      | Reached XP level 6. HP: 32/32 MP: 8/18
  5583 | D:4      | Found a glowing golden altar of the Shining One.
  5856 | D:5      | Entered Level 5 of the Dungeon
  5883 | D:5      | Reached skill level 8 in Spellcasting
  6013 | D:5      | Learned a level 3 spell: Mephitic Cloud
  6131 | D:5      | Noticed a water moccasin
  6148 | D:6      | Noticed Blork the orc
  6158 | D:6      | Killed Blork the orc
  6159 | D:6      | Reached XP level 7. HP: 30/36 MP: 8/20
  6169 | D:6      | Reached skill level 5 in Dodging
  6299 | D:6      | Found a glowing silver altar of Zin.
  6299 | D:6      | Found an opulent altar of Gozag.
  6363 | D:6      | Noticed Eustachio
  6373 | D:6      | Killed Eustachio
  6442 | D:6      | Reached * piety under Vehumet
  6442 | D:6      | Offered knowledge of Freeze by Vehumet.
  6443 | D:6      | Reached skill level 9 in Spellcasting
  6625 | D:6      | Reached XP level 8. HP: 30/41 MP: 17/23
  6754 | D:6      | Noticed Maggie
  6768 | D:6      | Killed Maggie
  6769 | D:6      | Reached skill level 5 in Conjurations
  7033 | D:6      | Found a burning altar of Makhleb.
  7149 | D:6      | Found Wyexynn's Distillery.
  7153 | D:6      | Bought a potion of heal wounds for 60 gold pieces
  7153 | D:6      | Bought a potion of curing for 36 gold pieces
  7153 | D:6      | Bought a potion of brilliance for 48 gold pieces
  7281 | D:6      | Reached skill level 5 in Poison Magic
  7466 | D:6      | Reached skill level 10 in Spellcasting
  7852 | D:7      | Learned a level 4 spell: Dispel Undead
  7875 | D:7      | Noticed Pikel
  7886 | D:7      | Killed Pikel
  7887 | D:7      | Reached skill level 1 in Fighting
  7887 | D:7      | Reached XP level 9. HP: 43/47 MP: 4/25
  8383 | D:7      | Found a staircase to the Ecumenical Temple.
  8387 | D:7      | Reached ** piety under Vehumet
  8387 | D:7      | Offered knowledge of Shock by Vehumet.
  9181 | D:8      | Reached skill level 11 in Spellcasting
  9822 | D:8      | Found a staircase to the Lair.
 10060 | D:9      | Reached XP level 10. HP: 56/56 MP: 7/27
 10281 | D:9      | Offered knowledge of Scorch by Vehumet.
 10630 | D:9      | Reached skill level 5 in Necromancy
 10709 | D:9      | Identified the +0 short sword "Faulaaw" {elec, Will- Dex+3
                  | SInv}
 10785 | D:9      | Noticed a centaur warrior
 10789 | D:9      | Identified the amulet of Ofok {Spirit rPois rN+++ Int-2
                  | Dex-4}
 10801 | D:9      | Killed a centaur warrior
 10802 | D:9      | Reached *** piety under Vehumet
 10804 | D:9      | Noticed a death knight
 10827 | D:9      | Killed a death knight
 10876 | D:9      | Reached skill level 12 in Spellcasting
 11969 | D:9      | Identified the +0 battleaxe "Erierph" {pain, Stlth+}
 11969 | D:9      | Noticed a deep elf pyromancer
 11984 | D:9      | Killed a deep elf pyromancer
 11985 | D:9      | Reached XP level 11. HP: 59/62 MP: 18/29
 11993 | D:9      | Noticed a five-headed hydra
 12153 | Lair:1   | Entered Level 1 of the Lair of Beasts
 12954 | Lair:1   | Noticed a five-headed hydra
 12964 | Lair:1   | Slain by a cane toad

Illustrated notes

Levels and vault maps discovered:
D:1:      dpeg_arrival_arbitrary_a, layout_basic
D:2:      layout_loops_ring, dreamdust_ecumenical_altar_grove, uniq_terence
D:3:      layout_basic, vehumet_statue
D:4:      layout_basic, trog_ov_bears_minmay, tso_metal_star,
          gammafunk_temple_overflow_elements, serial_corexii_hall,
          chequers_hall_statues_wall_a, corexii_hall_statues_i,
          minmay_checkerbox
D:5:      layout_rooms, mainiacjoe_overflow_concentric_impassable,
          worldfamousw_hep_ancestral_shrine, uniq_edmund
D:6:      minmay_diamond_boxcup, layout_basic,
          grunt_temple_overflow_gold_and_silver, makhleb_heckhound_becter,
          serial_shops, shop, uniq_eustachio, uniq_blork_the_orc, uniq_maggie
D:7:      layout_basic, minmay_temple_entry_glassed_door, serial_curves,
          eino_curves_02, eino_curves_02, eino_curves_03, eino_curves_02,
          uniq_pikel, uniq_crazy_yiuf_cottage
D:8:      nicolae_BIG_FREAKIN_CUBE, layout_basic, grunt_lair_entry_orc_guard_hut
D:9:      minmay_the_grid_square_5x5_3x3 [minmay_the_grid_square_5x5_forky,
          minmay_the_grid_square_5x5_gyroscope,
          minmay_the_grid_square_5x5_inner_z,
          minmay_the_grid_square_5x5_two_walls_a,
          minmay_the_grid_square_5x5_megaprize_crossed,
          minmay_the_grid_square_5x5_inverted_slash,
          minmay_the_grid_square_5x5_minivault,
          minmay_the_grid_square_5x5_fancy_junction,
          minmay_the_grid_square_5x5_slash], layout_long_grid,
          kennysheep_decorative_pillar
Lair:1:   layout_cave_pods, serial_bayou_shore_a, grunt_megastairs_5,
          serial_bayou_shore_b, uniq_gastronok

Skill      XL: |  1  2  3  4  5  6  7  8  9 10 |
---------------+-------------------------------+-----
Spellcasting   | 4 5 6 7 8 9 10 11 12 | 12.4
Dodging        | 3 4 5 7 8 9 |  9.8
Conjurations   | 1 3 4 6 7 8 |  8.6
Poison Magic   | 4 5 |  5.5
Fighting       | 1 3 4 |  4.6
Necromancy     | 2 4 6 |  6.7
Stealth        | |  2.4
Transmutations | |  1.3

Action                     |  1- 3 |  4- 6 |  7- 9 | 10-12 || total
---------------------------+-------+-------+-------+-------++-------
  Melee: Mace              |     2 |       |     4 |       ||     6
   Cast: Sting             |    48 |    63 |   142 |   105 ||   358
         Poisonous Vapours |    36 |    64 |    50 |    31 ||   181
         Olgreb's Toxic Ra |       |     2 |    20 |    13 ||    35
         Mephitic Cloud    |       |     1 |     6 |     7 ||    14
         Dispel Undead     |       |       |     6 |       ||     6
         Searing Ray       |       |       |     2 |     2 ||     4
  Evoke: Wand              |       |       |     1 |     6 ||     7
    Use: Scroll            |       |     1 |       |     9 ||    10
         Potion            |       |       |     2 |     3 ||     5
   Stab: Sleeping          |     1 |       |     1 |       ||     2
 Armour: Robe              |     8 |    10 |    29 |    20 ||    67
  Dodge: Dodged            |    17 |    27 |    83 |    90 ||   217

Table legend: (Time is in decaauts)
 A = Elapsed time spent in this place.
 B = Non-inter-level travel time spent in this place.
 C = Inter-level travel time spent in this place.
 D = Time resting spent in this place.
 E = Time spent auto-exploring this place.
 F = Levels seen in this place.
 G = Mean time per level.
                   A        B        C        D        E       F      G
               +--------+--------+--------+--------+--------+-----+--------+
         Total |  12966 |  12627 |    339 |   3068 |   8259 |  10 | 1296.6 |
       Dungeon |  12155 |  11817 |    338 |   2602 |   7983 |   9 | 1350.6 |
          Lair |    810 |    810 |      0 |    466 |    276 |   1 |  810.0 |
               +--------+--------+--------+--------+--------+-----+--------+

Top non-repeatable levels by time:
     D:3: 2062 daAuts
     D:9: 1787 daAuts
     D:8: 1776 daAuts
     D:1: 1726 daAuts
     D:6: 1670 daAuts
     D:2: 1292 daAuts
  Lair:1: 810 daAuts
     D:7: 788 daAuts
     D:4: 773 daAuts
     D:5: 276 daAuts
